[Event "*** Titled Tuesday Blitz"]
[Site "Chess.com"]
[Date "2021.03.30"]
[Round "10"]
[White "Jungle_Jaguar"]
[Black "esapunov"]
[Result "1-0"]
[WhiteElo "2627"]
[BlackElo "2726"]
[TimeControl "180+1"]
[EndTime "11:59:22 PDT"]
[Termination "Jungle_Jaguar won on time"]

1. e4 c5 2. Nf3 d6 3. d4 cxd4 4. Nxd4 Nf6 5. Nc3 Nc6 6. Bg5 e6 7. Qd2 a6 8. O-O-O h6 9. Be3 Nxd4 10. Bxd4 b5 11. f3 Qa5 12. Kb1 b4 13. Ne2 e5 14.
Be3 Be6 15. Nc1 d5 16. Nb3 Qc7 17. exd5 Nxd5 18. Bd3 Be7 19. Be4 Rd8 20. Qf2 O-O 21. Bxd5 Rxd5 22. Rxd5 Bxd5 23. Rd1 Be6 24. Nc5 Bf5 25. g4 Bc8 26. h4 Rd8 27. Re1 Rd5 28. Nd3 a5 29. g5 h5 30. Bb6 Qb8 31. f4 Bf5 32. Nxe5 Bf8 33. Rc1 a4 34. Nc4 Rb5 35. Bd4 Qd8 36. Ka1 Rd5 37. Bb6 Rd1 38. Kb1 Rxc1+ 39.
Kxc1 Qb8 40. Bd4 b3 41. axb3 axb3 42. Be5 Qb5 43. Ne3 Be4 44. cxb3 Bc5 45. Qd2 Qxb3 46. Nc2 Qc4 47. Qc3 Qf1+ 48. Qe1 Qg2 49. Qd2 Qh1+ 50.
Qd1 Qxh4 51. b4 Bf8 52. b5 Qf2 53. Bd4 Qxf4+ 54. Qd2 Qb8 55. b6 h4 56. Qe1 Qb7 57.
Qxh4 Qc6 58. Qf2 Be7 59. Be3 Bd8 60. Kd1 Be7 61. Qd2 Qc4 62. Qe2 Qxe2+ 63. Kxe2 Bxc2 64. b7 Bd6 65. Ba7 1-0

[Event "*** Titled Tuesday Blitz"]
[Site "Chess.com"]
[Date "2021.03.30"]
[Round "10"]
[White "Tea99"]
[Black "noblerone"]
[Result "1/2-1/2"]
[WhiteElo "2286"]
[BlackElo "2391"]
[TimeControl "180+1"]
[EndTime "11:59:22 PDT"]
[Termination "Game drawn by stalemate"]

1. e4 c5 2. Nf3 e6 3. d4 cxd4 4.
Nxd4 Qb6 5. Nb3 Qc7 6. Be2 Nf6 7. Nc3 Bb4 8. Qd3 d5 9. exd5 Nxd5 10. Bd2 Nxc3 11.
bxc3 Be7 12. O-O O-O 13. Bf3 Nd7 14. Qe2 Nf6 15. Rfe1 Bd7 16. Nd4 a6 17. Rab1 Rab8 18. g3 b5 19. Rb3 Rbc8 20. Bg2 Rfe8 21. h4 Bd6 22. Bg5 Nd5 23. Bd2 e5 24. Bxd5 exd4 25. Qf3 Rxe1+ 26. Bxe1 Be8 27. Bd2 Be5 28. cxd4 Bxd4 29.
c3 Bf6 30. Bf4 Qd7 31. Bb7 Rd8 32. Bxa6 Qa7 33. Bxb5 Qxa2 34. c4 Qa1+ 35. Kg2 Qd4 36. Be3 Qe5 37. Bxe8 Rxe8 38. Bf4 Qc5 39. Qd5 Qc8 40.
Rd3 h6 41. c5 Rd8 42. Qc4 Rxd3 43. Qxd3 Qxc5 44. Qf3 Qf8 45. h5 Qe8 46. Qe3 Qxe3 47. Bxe3 Kf8 48. Kf3 Ke8 49. Ke4 Kd7 50. Kd5 Be7 51. Bd4 g6 52. Bg7 gxh5 53. Bxh6 h4 54.
gxh4 Bxh4 55. f4 Bf6 56. f5 Be7 57. Bf4 Bf6 58. Be5 Be7 59. f6 Bd8 60. Bd4 Bc7 61. Be5 Bxe5 62. Kxe5 Kc6 63. Ke4 Kd6 64. Kd4 Ke6 65.
Ke4 Kxf6 66. Kf4 Kg6 67. Kg4 f5+ 68. Kf4 Kf6 69. Kf3 Kg5 70. Kg3 f4+ 71. Kf3 Kf5 72. Kf2 Kg4 73. Kg2 f3+ 74. Kf2 Kf4 75. Kf1 Ke4 76.
Kf2 Kf4 77. Kf1 Ke3 78. Ke1 f2+ 79. Kf1 Kf3 1/2-1/2

[Event "*** Titled Tuesday Blitz"]
[Site "Chess.com"]
[Date "2021.03.30"]
[Round "10"]
[White "RaphCamora"]
[Black "pastouche06"]
[Result "1-0"]
[WhiteElo "2422"]
[BlackElo "2540"]
[TimeControl "180+1"]
[EndTime "11:59:25 PDT"]
[Termination "RaphCamora won by resignation"]

1. e4 c6 2. d4 d5 3. e5 Bf5 4.
Nd2 e6 5. Nb3 Nd7 6. Nf3 a6 7.
Be3 Ne7 8. Be2 Bg4 9. O-O Nf5 10.
h3 Bxf3 11. Bxf3 Be7 12. Bg4 g6 13. a4 a5 14. Bxf5 exf5 15. Rc1 Nf8 16. Bd2 Ne6 17. Qe1 O-O 18. Bh6 Re8 19. Qe2 Bg5 20. Bxg5 Qxg5 21.
Qe3 f4 22. Qf3 Qf5 23. Rfe1 h5 24. Qd3 Qxd3 25. cxd3 Re7 26. h4 Ng7 27. g3 fxg3 28. fxg3 Nf5 29. Kg2 Kg7 30. Rc2 Ra6 31. Rf2 Rb6 32.
Nxa5 Nxd4 33. Rf4 Ne6 34. Rf2 Nc5 35. Rd1 Ra6 36. b4 Nxa4 37. Ra1 Nc3 38. d4 Nb5 39. Rd1 Nc3 40. Rd3 Ne4 41. Rc2 Rb6 42. Rb3 f6 43.
exf6+ Nxf6 44. Rf2 Ng4 45. Rd2 Re3 46. Rxe3 Nxe3+ 47. Kf3 Nf5 48. Nb3 Rxb4 49. Nc5 Nxd4+ 50. Rxd4 Rxd4 51. Ne6+ Kf6 52. Nxd4 g5 53. hxg5+ Kxg5 54. Ne6+ Kf5 55. Nd8 c5 56. Nxb7 c4 57. Nc5 Ke5 58.
Na4 Kd4 59. Nb6 c3 60. Ke2 Kc5 61. Na4+ Kb4 62. Nb6 d4 63. Kd3 Kb3 64. Nc4 c2 65. Nd2+ Kb2 66. Nc4+ Kb3 67. Nd2+ Kb2 68. Nc4+ Kb1 69.
Na3+ Kb2 70. Nxc2 Kb3 71. Nxd4+ Kb4 72. Ke4 1-0

[Event "*** Titled Tuesday Blitz"]
[Site "Chess.com"]
[Date "2021.03.30"]
[Round "10"]
[White "Harry_Rakkel"]
[Black "Eternauta2400"]
[Result "0-1"]
[WhiteElo "2586"]
[BlackElo "2434"]
[TimeControl "180+1"]
[EndTime "11:59:28 PDT"]
[Termination "Eternauta2400 won by resignation"]

1. e4 e5 2. Nf3 Nc6 3. Bb5 a6 4.
Ba4 Nf6 5. O-O Bc5 6. c3 b5 7.
Bc2 d6 8. a4 Bg4 9. h3 Bxf3 10.
Qxf3 O-O 11. d3 b4 12. Nd2 d5 13. Re1 d4 14. c4 Nd7 15. Nb3 Bd6 16. Qg3 Kh8 17.
Kh1 a5 18. Bd2 Ne7 19. Re2 Ng6 20. Rf1 c5 21. Bd1 Nf4 22. Ree1 g6 23. Bg4 Nf6 24.
Qf3 Nxg4 25. hxg4 g5 26. g3 Ng6 27. Kg2 Kg7 28. Rh1 h6 29. Rh5 Rh8 30. Reh1 Qe7 31. Qf5 Qe6 32. Be1 Qxf5 33. exf5 Ne7 34. Nd2 f6 35.
Ne4 Nc8 36. Bd2 Be7 37. f4 exf4 38. gxf4 Nd6 39. Nxc5 Nf7 40. Ne6+ Kg8 41. c5 Rc8 42. Rc1 Nd8 43. Nxd8 Bxd8 44. fxg5 hxg5 45. Rxh8+ Kxh8 46. Kf3 Be7 47. c6 Kg7 48. Ke4 Kf7 49. Kxd4 Bd6 50.
Kd5 Bg3 51. d4 Bf2 52. c7 Ke7 53. Kc6 Bg3 54. Kb7 Kd7 55. d5 Bxc7 56. Rc6 Rb8+ 57. Ka7 Rf8 58. b3 Be5 59. Be3 Rh8 60. Bb6 Rh3 61.
Bxa5 Rxb3 62. Rc4 Bd6 63. Kb6 Ra3 64. Kb5 b3 65. Rc1 b2 66. Rb1 Be5 67. Bb6 Ra1 68.
Rxb2 Bxb2 69. a5 Kd6 70. a6 Kxd5 71. a7 Bc3 72. Be3 Ke4 73. Bb6 Be1 74. Kc6 Kf3 75.
Kd6 Kxg4 76. Ke6 Bc3 77. Bc5 Ra6+ 78. Kf7 Kxf5 79. Bd4 Bxd4 0-1

[Event "*** Titled Tuesday Blitz"]
[Site "Chess.com"]
[Date "2021.03.30"]
[Round "10"]
[White "ecwinslow"]
[Black "sergeikim"]
[Result "1/2-1/2"]
[WhiteElo "2315"]
[BlackElo "2511"]
[TimeControl "180+1"]
[EndTime "11:59:31 PDT"]
[Termination "Game drawn by repetition"]

1. e4 e5 2. Nf3 Nc6 3. Bb5 a6 4. Ba4 Nf6 5. O-O b5 6. Bb3 Bc5 7. c3 d6 8. a4 Bb7 9. Re1 h6 10. d4 Bb6 11. h3 O-O 12. a5 Ba7 13.
d5 Ne7 14. Nbd2 c6 15. dxc6 Bxc6 16. Bc2 Ng6 17. Nf1 Qc7 18. Ng3 Rad8 19. Qe2 Rfe8 20. Nh2 Nf4 21. Qf3 d5 22. Ng4 Nxe4 23. Nxe4 dxe4 24. Bxe4 Bxe4 25. Qxe4 Nd3 26. Re2 h5 27. Nh2 Qd7 28. Be3 f5 29. Qf3 g6 30. Bxa7 Qxa7 31.
Qg3 Qf7 32. Nf3 e4 33. Ng5 Qf6 34. h4 Qe5 35. Qe3 Rd7 36. Qb6 Rd6 37. Qb7 Qe7 38.
Qxe7 Rxe7 39. g3 Kg7 40. b4 Ne5 41. Kf1 Kf6 42. Rc1 Rc7 43. Rec2 Rdc6 44. Nh3 Nd3 45. Nf4 Nxc1 46. Nd5+ Ke5 47. Nxc7 Rxc7 48. Rxc1 Rc4 49. Ke2 f4 50. gxf4+ Kxf4 51. Rg1 Rxc3 52. Rxg6 Rc2+ 53.
Ke1 Rb2 54. Rxa6 Rxb4 55. Rh6 Ra4 56. Rxh5 Rxa5 57. Rc5 Kf3 58. h5 Ra1+ 59. Kd2 Ra2+ 60. Kd1 Ra1+ 61. Kd2 Ra2+ 62. Kd1 Kxf2 63. Rf5+ Ke3 64.
Rxb5 Ra1+ 65. Kc2 Rh1 66. Rg5 Kf4 67. Rg8 e3 68. Kd3 Rd1+ 69. Ke2 Rd2+ 70. Ke1 Rh2 71.
Rf8+ Ke4 72. Re8+ Kf3 73. Rf8+ Kg4 74. Re8 Kf3 75. Rf8+ Ke4 76. Re8+ Kf3 1/2-1/2

[Event "*** Titled Tuesday Blitz"]
[Site "Chess.com"]
[Date "2021.03.30"]
[Round "10"]
[White "eldur16"]
[Black "WonderChampion"]
[Result "1-0"]
[WhiteElo "2550"]
[BlackElo "2133"]
[TimeControl "180+1"]
[EndTime "11:59:35 PDT"]
[Termination "eldur16 won by resignation"]

1. Nf3 d5 2. g3 Nf6 3. Bg2 e6 4. O-O c5 5. d3 Nc6 6. Nbd2 Bd6 7. e4 O-O 8. Re1 Bc7 9. c3 dxe4 10. dxe4 e5 11.
Qe2 a6 12. Nc4 Qe7 13. a4 Be6 14. Bg5 h6 15. Bxf6 Qxf6 16. Nfd2 Rfd8 17. Ne3 Rd7 18.
Nd5 Bxd5 19. exd5 Ne7 20. Ne4 Qb6 21. a5 Qa7 22. c4 Rad8 23. Ra3 f5 24. Nc3 Bd6 25. Na4 Bc7 26. Nc3 Bd6 27. h4 e4 28.
h5 Be5 29. Nd1 b6 30. Ne3 bxa5 31. Bh3 Rd6 32. Nxf5 Nxf5 33. Bxf5 Rf8 34. Qxe4 Bd4 35. Rf3 Rdf6 36. d6 Qa8 37. d7 Qxe4 38. Rxe4 Rd8 39. Re8+ Rf8 40. Bg6 Bf6 41. Rd3 Bd4 42. Rf3 Bf6 43.
Rxd8 Rxd8 44. Be8 Kf8 45. b3 Ke7 46. Kf1 Kd6 47. Rd3+ Bd4 48. f4 Ke6 49. Ke2 Kf5 50.
Kf3 Ke6 51. g4 Kd6 52. Rd2 Ke6 53. Ra2 Bc3 54. Re2+ Kd6 55. g5 Bd4 56. Kg4 Rb8 57.
Kf5 Kc7 58. Re6 hxg5 59. fxg5 Kd8 60. Rxa6 Be3 61. Rxa5 Bd4 62. Ra6 Be3 63. h6 Bd4 64. h7 g6+ 65. Rxg6 Bh8 66. Rg8 Bd4 67. h8=Q Bxh8 68.
Rxh8 Kc7 69. Ke6 Rb6+ 70. Kd5 Rb8 71. Kxc5 Rd8 72. b4 Rb8 73. b5 Rd8 74. b6+ Kb7 75. Rf8 Rb8 76. g6 Rd8 77. g7 Rb8 78. g8=Q Rd8 79.
Qd5+ 1-0

[Event "*** Titled Tuesday Blitz"]
[Site "Chess.com"]
[Date "2021.03.30"]
[Round "10"]
[White "superchess02"]
[Black "Iskusnyh"]
[Result "1-0"]
[WhiteElo "2818"]
[BlackElo "2650"]
[TimeControl "180+1"]
[EndTime "11:59:39 PDT"]
[Termination "superchess02 won on time"]

1. a3 d5 2. e3 Nf6 3. b4 Bf5 4. Bb2 e6 5. c4 c6 6. Nc3 Nbd7 7. d4 Bd6 8. f4 O-O 9. Nf3 Ne4 10. Be2 Nxc3 11.
Bxc3 Nf6 12. O-O Ne4 13. Be1 a5 14. c5 Bc7 15. b5 b6 16. cxb6 Bxb6 17. bxc6 Qd6 18.
Bb5 Bc7 19. a4 f6 20. h3 g5 21. Nd2 Nc3 22. Qb3 Ne4 23. Nxe4 Bxe4 24. Qa3 Qd8 25. Bg3 Kh8 26. Bh2 Rg8 27. Ra2 g4 28. hxg4 Rxg4 29.
Rff2 Qe8 30. Be2 Rg7 31. Qc5 Qg6 32. Bf1 Rag8 33. Rab2 Qg4 34. Qc1 Qh5 35. Qd2 Rg6 36. Qe2 Qf5 37. Rb7 Bd6 38. Rd7 Bb4 39. c7 e5 40. Rd8 exd4 41. c8=Q Qxc8 42. Rxc8 Rxc8 43. f5 Rg5 44. Qa6 Rf8 45. exd4 Bc3 46. Qd6 Rf7 47. Qc5 Bb4 48. Qc8+ Rg8 49. Qe6 Kg7 50. Bb5 Bc3 51. Rf4 h5 52. Qb6 Rc8 53. Bg3 Bd2 54. Rh4 Be3+ 55. Kh2 Rc1 56. Rxh5 Bg1+ 57. Kh3 Be3 58. Bh2 Rc3 59. g3 Rc2 60. Qb8 Bg2+ 61. Kh4 Bg5+ 62. Rxg5+ fxg5+ 63. Kxg5 Rf2 64. Qe5+ Kh7 65.
g4 Be4 66. Kh4 Rg2 67. Be8 Rg7 68. Bg6+ Rxg6 69. fxg6+ Kxg6 70. Bf4 Bf3 71. Qd6+ Kf7 72. Qd7+ Kg6 73. Qf5+ 1-0

[Event "*** Titled Tuesday Blitz"]
[Site "Chess.com"]
[Date "2021.03.30"]
[Round "10"]
[White "Ermito2020"]
[Black "AlexOstrovskiy"]
[Result "0-1"]
[WhiteElo "2545"]
[BlackElo "2751"]
[TimeControl "180+1"]
[EndTime "11:59:40 PDT"]
[Termination "AlexOstrovskiy won on time"]

1. e4 c6 2. d4 d5 3. e5 c5 4. Nf3 Bg4 5. c4 cxd4 6. cxd5 Qxd5 7. Nc3 Qa5 8. Qxd4 Bxf3 9. gxf3 Nc6 10. Bb5 Qxb5 11.
Nxb5 Nxd4 12. Nxd4 e6 13. Nb5 Rd8 14. Nxa7 Rd5 15.
Be3 Ne7 16. Rc1 Kd7 17. f4 g5 18. fxg5 Nf5 19. O-O Bg7 20. Rfd1 Nxe3 21. fxe3 Bxe5 22. e4 Rxd1+ 23. Rxd1+ Ke7 24. Nb5 Bxb2 25. Kf2 h6 26.
gxh6 Rxh6 27. Kg2 Be5 28. h3 Rg6+ 29. Kf2 Rg3 30. Rh1 Rd3 31. a4 Rd2+ 32. Kf3 Ra2 33. h4 Ra3+ 34. Ke2 Rxa4 35. Kd3 Rb4 36. Na7 Rb3+ 37. Kc4 Re3 38. h5 Rxe4+ 39. Kd3 Rd4+ 40. Ke3 Rd8 41. Nb5 f5 42. Kf3 Kf6 43. h6 Kg6 44. h7 Rh8 45. Re1 Kf6 46. Rh1 Bb8 47. Rh6+ Kg5 48.
Rxe6 Rxh7 49. Nd4 Rh3+ 50. Kg2 Rd3 51. Nf3+ Kf4 52. Ne1 Rd2+ 53. Kf1 Ba7 54. Ng2+ Kg3 55. Rg6+ Kf3 56. Nh4+ Ke4 57. Re6+ Kd5 58. Re7 Rb2 59. Nxf5 Rf2+ 60. Ke1 Rxf5 61. Rxb7 Bc5 62. Ke2 Kc4 63. Rd7 Rf2+ 64. Ke1 Rh2 65. Kf1 Bd4 66. Re7 Kd3 67.
Rd7 Rf2+ 68. Ke1 Rf8 69. Rd6 Rf7 70. Rd8 Ke3 71. Kd1 Rb7 72. Kc2 Rb2+ 73. Kc1 Ra2 74. Re8+ Kd3 0-1

[Event "*** Titled Tuesday Blitz"]
[Site "Chess.com"]
[Date "2021.03.30"]
[Round "10"]
[White "MatyChess1"]
[Black "scandalgod"]
[Result "1/2-1/2"]
[WhiteElo "2609"]
[BlackElo "2483"]
[TimeControl "180+1"]
[EndTime "11:59:42 PDT"]
[Termination "Game drawn - insufficient material"]

1. e4 e5 2. Nf3 Nc6 3. Bc4 Nf6 4. d3 Be7 5. O-O O-O 6. Re1 d6 7. a4 Na5 8. Ba2 c5 9. c3 Nc6 10. Na3 h6 11. h3 Re8 12. Bd2 Bf8 13. b4 cxb4 14. cxb4 a6 15. Nc2 Be6 16. Bxe6 Rxe6 17. b5 Ne7 18. Ne3 d5 19. exd5 Nexd5 20. Nc4 e4 21.
Nd4 Re8 22. bxa6 Rxa6 23. a5 Nb4 24. Bc3 Nxd3 25. Re2 Bc5 26. Nf5 Rae6 27. Rb1 Qd5 28.
Nce3 Bxe3 29. Nxe3 Qg5 30. Rc2 Nf4 31. Kh1 N6d5 32. Bd4 Nxe3 33. fxe3 Nd3 34. Rxb7 Qxa5 35. Qg4 Qg5 36. Qxg5 hxg5 37. Rcc7 Rf8 38. Ra7 Rd6 39. Kh2 Re6 40. Kg3 Ne5 41. Bc5 Nc6 42. Bxf8 Nxa7 43.
Bxg7 Kxg7 44. Rxa7 Kg6 45. Kg4 Rd6 46. Ra5 Rd2 47. Rxg5+ Kf6 48. Rf5+ Kg6 49. Rg5+ Kf6 50. Kh4 Re2 51. Rg3 Ke5 52. Kg4 f5+ 53. Kh4 f4 54.
exf4+ Kxf4 55. Rg4+ Kf5 56. g3 Rf2 57. Rg8 e3 58.
Rf8+ Ke4 59. Re8+ Kf3 60. g4 e2 61. Kg5 Rf1 62. h4 e1=Q 63. Rxe1 Rxe1 64. h5 Ke4 65. Kg6 Ke5 66. g5 Ke6 67. h6 Rh1 68. h7 Ke7 69.
Kg7 Ke6 70. g6 Kf5 71. Kf7 Kg5 72. Kg7 Kf5 73. Kf7 Kg5 74. g7 Rxh7 75. Kf8 Rxg7 76. Kxg7 1/2-1/2

[Event "*** Titled Tuesday Blitz"]
[Site "Chess.com"]
[Date "2021.03.30"]
[Round "10"]
[White "SilviusTiberius"]
[Black "Kale36"]
[Result "1-0"]
[WhiteElo "2564"]
[BlackElo "2410"]
[TimeControl "180+1"]
[EndTime "11:59:43 PDT"]
[Termination "SilviusTiberius won on time"]

1. e4 Nc6 2. Nf3 d6 3. d4 g6 4. Nc3 Bg7 5. Be3 Nf6 6. Qd2 O-O 7. d5 Ne5 8. Nxe5 dxe5 9. O-O-O Ng4 10. Be2 Nxe3 11. Qxe3 a6 12. g4 Qd6 13. h4 b5 14.
Rdg1 Qf6 15. Kb1 b4 16. Na4 Qf4 17. Qd3 Bd7 18. Nc5 Bb5 19. Qf3 Qxf3 20. Bxf3 a5 21. g5 Rfd8 22. h5 c6 23. h6 Bf8 24. Rd1 e6 25.
Nd3 exd5 26. exd5 Bxd3 27. Rxd3 c5 28. c4 bxc3 29. Rxc3 Bd6 30. Be4 Rab8 31. Rhh3 Rb4 32. f3 Rdb8 33. Rh2 Kf8 34. a3 Rd4 35. Kc2 Ke7 36.
Rg2 Kd7 37. b3 Be7 38. Rc4 Kd6 39. Kc3 Rf8 40. Rxd4 exd4+ 41. Kc4 Rb8 42. Bc2 Ke5 43. Re2+ Kd6 44. f4 Rb6 45. Bd3 Rb8 46. Be4 Re8 47. Bf3 Rb8 48. Bg4 Rb6 49. Rc2 Rb8 50. Re2 Rb6 51.
Bh3 Rb8 52. Rd2 Re8 53. Re2 Rb8 54. Bg2 Rb6 55. Be4 Rb8 56. Bc2 Rb6 57. Kd3 Rb8 58. Re5 Rb6 59. Ke4 Rb8 60. f5 Bxg5 61. fxg6 hxg6 62.
Rxg5 Rh8 63. b4 axb4 64. axb4 cxb4 65. Kxd4 Rxh6 66. Rg4 f5 67. Rf4 Rh2 68. Bb3 Rd2+ 69. Kc4 Ke5 70. Rf3 g5 71. Kxb4 g4 72. Rf1 f4 73.
Kc3 Rh2 74. Re1+ Kf6 75. d6 f3 76. d7 Rh8 77. Re8 Rh1 78. d8=Q+ 1-0

[Event "*** Titled Tuesday Blitz"]
[Site "Chess.com"]
[Date "2021.03.30"]
[Round "10"]
[White "wadsy27"]
[Black "QuintilianoR"]
[Result "0-1"]
[WhiteElo "2572"]
[BlackElo "2717"]
[TimeControl "180+1"]
[EndTime "11:59:44 PDT"]
[Termination "QuintilianoR won on time"]

1. c4 Nf6 2. g3 e6 3. Bg2 d5 4.
Nf3 Be7 5. O-O O-O 6. b3 c5 7.
Bb2 Nc6 8. e3 b6 9. Nc3 dxc4 10.
bxc4 Bb7 11. Qe2 a6 12. Rfd1 Qc7 13. Rab1 Rfd8 14. Ba1 Rab8 15. d3 Na7 16. a4 Nc6 17.
Ne1 Nb4 18. f4 Bxg2 19. Nxg2 Ne8 20. g4 Nd6 21. h4 b5 22. axb5 axb5 23. cxb5 Nxb5 24.
Nxb5 Rxb5 25. g5 Ra5 26. h5 Ra2 27. Rb2 Rxb2 28. Bxb2 Qb7 29. h6 Nxd3 30. Bxg7 c4 31. Ne1 Qe4 32. Qf3 Qf5 33. Bd4 Bc5 34. Bxc5 Qxc5 35.
Nxd3 cxd3 36. Qe4 d2 37. Kf2 Qc3 38. Ke2 Qa5 39. Qe5 Qxe5 40. fxe5 Kf8 41. Rxd2 Ra8 42. Kf3 Ke7 43. Rb2 Ra7 44. Rb8 Ra5 45. Kf4 Ra4+ 46.
e4 Ra1 47. Rh8 Rf1+ 48. Ke3 Rg1 49. Rxh7 Rxg5 50. Rg7 Rxe5 51. h7 Rh5 52. Kf4 Kf6 53.
Rg8 Rxh7 54. e5+ Ke7 55. Rg5 Rh4+ 56. Ke3 Ra4 57. Kd3 Ra5 58. Ke4 Rd5 59. Ke3 Rd1 60. Ke4 Rf1 61. Kd4 Kd7 62. Rg7 Kc6 63. Ke4 Kc5 64. Rg8 Re1+ 65. Kf4 Rf1+ 66. Ke4 Kc6 67.
Rc8+ Kd7 68. Ra8 Ke7 69. Ra7+ Kf8 70. Ra8+ Kg7 71. Ra7 Kg6 72. Ra8 Re1+ 73. Kf4 Rc1 74. Kg4 Rc4+ 75. Kf3 Kf5 76. Ra7 Rc3+ 77. Ke2 Kg6 78.
Ra5 Rh3 79. Kf2 Kf5 80. Ra7 Rh7 81. Ra5 Ke4 82. Kg3 Rg7+ 0-1

[Event "*** Titled Tuesday Blitz"]
[Site "Chess.com"]
[Date "2021.03.30"]
[Round "10"]
[White "biveklama"]
[Black "Aradhya2000"]
[Result "0-1"]
[WhiteElo "2379"]
[BlackElo "2591"]
[TimeControl "180+1"]
[EndTime "11:59:45 PDT"]
[Termination "Aradhya2000 won on time"]

1. e4 e5 2. Nf3 Nc6 3. Bc4 Nf6 4. d3 Bc5 5. c3 O-O 6. O-O d6 7. Nbd2 a5 8. Re1 Ba7 9. Nf1 Ne7 10. Nh4 Ng6 11.
Nxg6 hxg6 12. Be3 c6 13. Bb3 Re8 14. Bxa7 Rxa7 15. Qf3 b5 16. h3 Rd7 17. Ng3 d5 18. exd5 a4 19. Bc2 cxd5 20. d4 e4 21. Qe2 Qb6 22.
a3 Rde7 23. Rad1 Nh7 24. f3 Qd6 25. Nxe4 dxe4 26. fxe4 Bd7 27. e5 Qb6 28. Qf2 Nf8 29.
Rf1 f6 30. exf6 gxf6 31. Qxf6 Qxf6 32. Rxf6 Re6 33. Rf2 Re2 34. Rd2 Re1+ 35. Kh2 Kg7 36.
b3 axb3 37. Bxb3 R1e3 38. Rc2 Bf5 39. Rc1 Rc8 40. g4 Be6 41. d5 Bg8 42. Rfc2 Rc5 43.
Ba2 Bxd5 44. c4 Bxc4 45. Bxc4 bxc4 46. Rxc4 Rxc4 47. Rxc4 Rxa3 48. h4 Ne6 49. Re4 Kf6 50. Rb4 Ke5 51. Rb5+ Kf4 52. Rb4+ Kf3 53. h5 Ra2+ 54. Kg1 g5 55. h6 Nf4 56. Rb3+ Kxg4 57. h7 Ra8 58. Kf2 Rh8 59. Rb7 Kf5 60. Kg3 Nh5+ 61.
Kf3 Nf6 62. Rb5+ Kg6 63. Kg3 Rxh7 64. Ra5 Rd7 65. Rc5 Rd3+ 66. Kf2 Rd5 67. Rc6 Kf5 68.
Ra6 g4 69. Kg2 Ne4 70. Ra8 Kf4 71. Rf8+ Ke3 72. Rg8 Rd2+ 73. Kf1 g3 74. Kg1 Kf3 75. Rf8+ Kg4 76. Rg8+ Ng5 77. Rg7 Kf3 0-1

[Event "*** Titled Tuesday Blitz"]
[Site "Chess.com"]
[Date "2021.03.30"]
[Round "10"]
[White "novocane"]
[Black "MaxLeto"]
[Result "1/2-1/2"]
[WhiteElo "2235"]
[BlackElo "2346"]
[TimeControl "180+1"]
[EndTime "11:59:47 PDT"]
[Termination "Game drawn by repetition"]

1. d4 d5 2. c4 e6 3. Nc3 Nf6 4. cxd5 exd5 5. Bg5 c6 6. Qc2 Bg4 7. e3 Bh5 8. Nge2 Bg6 9. Qb3 b6 10. Nf4 Nbd7 11. Ba6 Qb8 12. a4 Bd6 13. O-O O-O 14.
Rfd1 Bf5 15. Bh4 Bxf4 16. exf4 Qd6 17. Rac1 Rfe8 18. Bg3 Re6 19. h3 Rae8 20. Nb1 Nh5 21. Bb7 Qc7 22. Ba6 Qd6 23. Bb7 Qc7 24. Ba6 Rg6 25. Kh2 Nxg3 26. fxg3 Be4 27. Nc3 h5 28.
Nxd5 Qd6 29. Ne3 h4 30. gxh4 Qxf4+ 31. Kg1 Rg3 32. Re1 Nf6 33. Qc3 Nd5 34. Qd2 Nxe3 35.
Rxe3 Rxe3 36. Rf1 Qg3 37. Qf2 Qxf2+ 38. Rxf2 Bd5 39. Bd3 Re1+ 40. Kh2 R1e2 41. Bxe2 Re4 42.
Bf3 Rxd4 43. Bxd5 cxd5 44. Rc2 Rxa4 45. Rc8+ Kh7 46. Rd8 d4 47. Rd7 Kg6 48. b3 Ra5 49. Rxd4 Rb5 50. b4 f6 51. g4 Kh6 52. h5 Re5 53.
Kg3 Re3+ 54. Kf4 Rb3 55. h4 a5 56. bxa5 bxa5 57. Rd5 a4 58. Ra5 Rb4+ 59. Kf5 Kh7 60. Ra7 Rb5+ 61. Kf4 Rb4+ 62. Kf5 Rc4 63. g5 fxg5 64.
hxg5 Rc5+ 65. Kf4 Kg8 66. g6 Kf8 67. Rxa4 Rxh5 68. Ra7 Rh4+ 69. Kg5 Rh1 70. Rf7+ Kg8 71. Ra7 Rg1+ 72. Kf5 Rf1+ 73. Kg5 Rg1+ 74. Kf5 Rf1+ 75. Kg5 Rg1+ 1/2-1/2

[Event "*** Titled Tuesday Blitz"]
[Site "Chess.com"]
[Date "2021.03.30"]
[Round "10"]
[White "wonderfultime"]
[Black "anon219"]
[Result "1-0"]
[WhiteElo "2993"]
[BlackElo "2855"]
[TimeControl "180+1"]
[EndTime "11:59:48 PDT"]
[Termination "wonderfultime won by resignation"]

1. d4 d5 2. Nf3 Nf6 3. Bf4 c5 4. c3 Nc6 5. e3 Qb6 6. Qc2 Bg4 7. Ne5 Bh5 8. Nd2 e6 9. Ndf3 Rc8 10. Qb3 Be7 11. Be2 O-O 12. O-O Nxe5 13. Bxe5 Ne4 14.
Rfd1 Bd6 15. Bg3 Rfd8 16. Rac1 c4 17. Qxb6 axb6 18. a3 b5 19. Kf1 f6 20. Ne1 Bg6 21. Nc2 Nxg3+ 22. hxg3 Bxc2 23. Rxc2 f5 24. g4 g6 25. gxf5 gxf5 26. g3 Kf7 27. Kg2 h6 28. Rh1 Kg7 29. Rcc1 Rh8 30. Rh5 Rcg8 31. Rch1 Bf8 32. Kf1 Kf6 33. Bd1 Rg5 34. R5h3 Rgg8 35. Rh4 Rh7 36. g4 fxg4 37. Bxg4 Ke7 38. Ke2 Rf7 39. f3 Rf6 40. Rh5 Kd6 41. R1h4 Rfg6 42. Kd1 Rg5 43. Ke2 Rxh5 44. Rxh5 Rg5 45. Rh1 Rg6 46. Ra1 h5 47. Bh3 Rg3 48. Rh1 Be7 49.
Kf2 Rg8 50. Bf1 h4 51. Bh3 Bf6 52. Bg4 Rg7 53. Kg2 Rg8 54. Kh3 Ke7 55. Re1 e5 56. dxe5 Bxe5 57. Rd1 Rd8 58. Kxh4 Kf6 59. f4 Bc7 60. Kg3 Re8 61. Kf3 Bb6 62. Re1 Rh8 63. Bd7 Ke7 64. Bxb5 Rh3+ 65. Kg4 Rxe3 66. Rd1 Re2 67.
b4 Re3 68. Rxd5 Rxc3 69. Rd7+ Ke6 70. Rxb7 Be3 71. f5+ Kf6 72. Rc7 Rxa3 73. Bxc4 Bd2 74. b5 Ra4 75. Rc6+ Ke5 76. f6 Bh6 77. f7 Bf8 78. b6 Kd4 79. Kf5 Rb4 80. Ke6 Bc5 81. Rxc5 1-0

[Event "*** Titled Tuesday Blitz"]
[Site "Chess.com"]
[Date "2021.03.30"]
[Round "10"]
[White "korkmaz16"]
[Black "MikeSailer"]
[Result "1/2-1/2"]
[WhiteElo "2438"]
[BlackElo "2132"]
[TimeControl "180+1"]
[EndTime "11:59:52 PDT"]
[Termination "Game drawn by agreement"]

1. e4 d5 2. exd5 Qxd5 3. Nc3 Qd6 4. d4 Nf6 5. Nf3 c6 6. Ne5 Bf5 7. Nc4 Qc7 8. g3 e6 9. Bf4 Qd8 10. Bg2 Be7 11. O-O h6 12. Re1 O-O 13. Qd2 Na6 14. Rad1 Nc7 15. Ne3 Bh7 16. Qe2 Ncd5 17. Nexd5 Nxd5 18. Bd2 Nxc3 19. Bxc3 a5 20. d5 cxd5 21. Bxd5 exd5 22.
Qxe7 Qxe7 23. Rxe7 Bxc2 24. Rxd5 Rfd8 25. Rxa5 Rxa5 26.
Bxa5 Rd1+ 27. Re1 Rxe1+ 28. Bxe1 Kf8 29. f4 Ke7 30. Kf2 Kd6 31. Bc3 g6 32. Ke3 Kd5 33. g4 Bd1 34. h3 h5 35. gxh5 Bxh5 36. f5 b5 37. Kf4 Kc4 38. a3 Kb3 39. Kg5 Kc4 40.
h4 Kd5 41. f6 Ke6 42. Kf4 Bd1 43. Ke4 Bc2+ 44. Kd4 Bd1 45. Kc5 Be2 46. b3 Kd7 47. a4 bxa4 48. bxa4 Kc7 49. a5 Kb7 50. Kd6 Bc4 51. Kc5 Ba2 52. Kb5 Be6 53. a6+ Ka8 54.
Bd4 Ba2 55. Kc5 Be6 56. Kd6 Bc4 57. Ke7 Bb3 58. Be3 Ba2 59. Kf8 Bb3 60. Kg7 Ba2 61. Kh6 Bb3 62. Kg5 Ba2 63. Kf4 Bb3 64. Ke5 Ba2 65. Kd6 Bb3 66. Kc5 Ba2 67. Bf2 Be6 68. Kd6 Ba2 69. Kc7 Be6 70. Kd6 Ba2 71.
Kc6 Bc4 72. Kb6 Be6 73. Kc5 Ba2 74. Kd6 Bc4 75. Ke5 Bxa6 76. Kf4 Bc4 77. Kg5 Be6 78. Kh6 Kb7 79. Kg7 Kc6 80. Kh6 Kd5 81. h5 gxh5 82.
Kxh5 Ke5 83. Kg5 Ke4 84. Be1 Kf3 85. Bc3 Ke4 86. Ba1 Kf3 87. Kh6 Ke4 88. Kg7 Kf5 89. Bb2 Kg4 90. Ba1 Kf5 91. Bb2 1/2-1/2

[Event "*** Titled Tuesday Blitz"]
[Site "Chess.com"]
[Date "2021.03.30"]
[Round "10"]
[White "frederiksvane"]
[Black "szachuspl"]
[Result "0-1"]
[WhiteElo "2697"]
[BlackElo "2573"]
[TimeControl "180+1"]
[EndTime "11:59:56 PDT"]
[Termination "szachuspl won by checkmate"]

1. e4 c5 2. Nf3 e6 3. g3 Nc6 4.
Bg2 Nf6 5. d3 d5 6. Nbd2 dxe4 7.
dxe4 e5 8. O-O Be7 9. c3 O-O 10. Qe2 h6 11. Rd1 Qc7 12. Nh4 Re8 13. Nf5 Bf8 14. Nc4 Bxf5 15. exf5 e4 16. Bf4 Qc8 17. g4 b5 18. Ne3 c4 19. h4 Ne5 20. Bxe5 Rxe5 21. g5 hxg5 22. hxg5 Nh7 23. Qg4 Bc5 24. Rd5 Rxd5 25. Nxd5 Qd8 26. Bxe4 Nxg5 27. Bg2 Rb8 28.
Rd1 Nh7 29. Qf4 Qd6 30. Ne7+ Qxe7 31. Qxb8+ Nf8 32. Qf4 Qe2 33. Rd2 Qe1+ 34. Kh2 Nh7 35. Rd8+ Nf8 36. Kg3 Qe7 37. Rd5 a6 38. f6 gxf6 39.
Be4 Ng6 40. Bxg6 fxg6 41. Qb8+ Kf7 42. Qc8 Bd6+ 43. Kh3 Qe6+ 44. Qxe6+ Kxe6 45. Rd2 f5 46. Kg2 g5 47. Re2+ Kd5 48. Re8 Kc6 49. Re6 Kd5 50. Rf6 Ke5 51. Rg6 a5 52. Rxg5 b4 53.
Rg6 a4 54. cxb4 a3 55. bxa3 c3 56. Kf3 c2 57. Rg1 Kd4 58. Ke2 Kc3 59. Rc1 Kb2 60.
Rxc2+ Kxc2 61. Ke3 Kb2 62. b5 Kxa3 63. Kd4 Kxa2 64.
b6 Kb3 65. Kd5 Bb8 66. Kc6 Kc4 67. Kb7 Be5 68. Kc8 Kd3 69. Kd7 f4 70. Ke6 Bb8 71. Kf5 Ke2 72. b7 Kxf2 73. Ke6 f3 74. Kd7 Ke3 75. Kc8 Bf4 76. Kd7 f2 77. Kc6 f1=Q 78. b8=Q Bxb8 79. Kd7 Qa6 80. Ke7 Bf4 81. Kd7 Ke4 82.
Ke7 Bc1 83. Kf7 Kf5 84. Kg7 Qc6 85. Kh7 Qg6+ 86. Kh8 Bb2# 0-1